 Dungeon Crawl Stone Soup version 0.22-a0-284-g99d1f74 (webtiles) character file.

32608 Azzok the Earth Mage (level 13, 0/87 HPs)
             Began as a Gargoyle Earth Elementalist on Mar 20, 2018.
             Was a High Priest of Vehumet.
             Killed from afar by an ice dragon (47 damage)
             ... with a blast of cold
             ... in an ice cave.
             The game lasted 00:44:53 (19926 turns).

Azzok the Earth Mage (Gargoyle Earth Elementalist) Turns: 19926, Time: 00:44:54

Health: 0/87       AC: 17    Str: 13    XL:     13   Next: 65%
Magic:  8/23       EV: 12    Int: 27    God:    Vehumet [*****.]
Gold:   561        SH:  0    Dex: 10    Spells: 11/25 levels left

rFire    + . .     SeeInvis .   N - +2 dire flail "Demonbane" {crush, Int+7}
rCold    . . .     Gourm    .   (shield currently unavailable)
rNeg     + . .     Faith    .   L - +2 robe of the Planets {rF+}
rPois    ∞         Spirit   .   (no helmet)
rElec    +         Reflect  .   (no cloak)
rCorr    .         Harm     .   K - +0 pair of gloves
MR       .....                  C - +0 pair of boots
Stlth    ++........             B - amulet of magic regeneration
HPRegen  0.24/turn              f - +4 ring of slaying
MPRegen  0.43/turn              o - +3 ring of slaying

@: about to teleport
A: negative energy resistance 1, electricity resistance, unbreathing,
petrification resistance, rot immunity, AC +9
a: Renounce Religion


You were in an ice cave.
You worshipped Vehumet.
Vehumet was extremely pleased with you.
You were very hungry.

You visited 3 branches of the dungeon, and saw 17 of its levels.
You also visited: Ossuary, Bailey and Ice Cave.

You collected 1126 gold pieces.
You spent 565 gold pieces at shops.

Inventory:

Hand Weapons
 t - a +4 rapier of venom
 N - the +2 dire flail "Demonbane" (weapon) {crush, Int+7}
   (You bought it in a shop on level 11 of the Dungeon)

   It inflicts extra damage upon your enemies.
   It affects your intelligence (+7).
Missiles
 b - 283 stones (quivered)
Armour
 C - a +0 pair of boots (worn)
 K - a +0 pair of gloves (worn)
 L - the +2 robe of the Planets (worn) {rF+}
   (You took it off a gnoll in a bailey)

   It protects you from fire.
 S - +0 ice dragon scales
Jewellery
 f - a +4 ring of slaying (left hand)
 m - an uncursed ring of wizardry
 o - a +3 ring of slaying (right hand)
 u - an uncursed ring of see invisible
 v - an uncursed ring of resist corrosion
 B - an amulet of magic regeneration (around neck)
Wands
 l - a wand of iceblast (9)
 O - a wand of paralysis (14)
 P - a wand of enslavement (8)
Scrolls
 a - 11 scrolls of teleportation
 i - 10 scrolls of remove curse
 k - 6 scrolls of blinking
 q - 3 scrolls of fear
 x - a scroll of enchant weapon
 y - a scroll of amnesia
 z - 3 scrolls of torment
 A - 3 scrolls of noise
 E - 4 scrolls of enchant armour
 G - a scroll of identify
 H - a scroll of fog
 I - 3 scrolls of immolation
 M - a scroll of vulnerability {unknown}
 Q - a scroll of magic mapping
Potions
 c - 3 potions of flight {unknown}
 e - a potion of ambrosia
 g - 3 potions of lignification {unknown}
 h - a potion of magic {unknown}
 j - 3 potions of mutation {unknown}
 n - 4 potions of might {unknown}
 p - 7 potions of curing {unknown}
 r - 2 potions of resistance {unknown}
 s - 4 potions of brilliance {unknown}
 w - 3 potions of degeneration {unknown}
 D - 4 potions of agility {unknown}
 F - 3 potions of heal wounds {unknown}
 J - 3 potions of haste {unknown}
 R - a potion of cancellation {unknown}
Comestibles
 d - 29 rations


   Skills:
 + Level 12.7 Fighting
 + Level 8.4 Armour
 - Level 1.5 Dodging
 - Level 2.1 Stealth
 - Level 6.7 Spellcasting
 - Level 10.0 Conjurations
   Level 0.7 Transmutations
 + Level 4.7 Ice Magic
 + Level 15.5 Earth Magic


You had 11 spell levels left.
You knew the following spells:

 Your Spells              Type           Power        Failure   Level  Hunger
a - Sandblast             Erth           ######       0%          1    None
b - Stone Arrow           Conj/Erth      ######       1%          3    None
c - Lee's Rapid Deconstr  Erth           #######...   1%          5    #####..
d - Blink                 Tloc           N/A          9%          2    None
e - Ozocubu's Armour      Chrm/Ice       ###.....     7%          3    None


Dungeon Overview and Level Annotations

Branches:
Dungeon (11/15)            Temple (1/1) D:4            Lair (5/6) D:10
 Shoals (0/4) Lair:3       Spider (0/4) Lair:3        Slime (0/5) Lair:5
    Orc (0/2) D:11

Altars:
Dithmenos
Elyvilon
Fedhas
Hepliaklqana
Makhleb
Okawaru
Ru
Sif Muna
Trog
Vehumet
Wu Jian

Shops:
D:6 ??   D:11 (

Annotations:
D:7 2 runed doors


Innate Abilities, Weirdness & Mutations

You are resistant to torment.
Your stone body is resilient. (AC +9)
You are immune to poison.
You resist negative energy. (rN+)
You are resistant to electric shocks. (rElec)
You can survive without breathing.
You are immune to petrification.
You are immune to rotting.


Message History

You kill the ice dragon!
Vehumet accepts your kill.
You feel your power returning.
The ice dragon scales are intact enough to wear.
* * * LOW MAGIC WARNING * * *
You are feeling very hungry.
Your icy armour starts to melt.
Things that are here:
+0 ice dragon scales; an ice dragon corpse S - +0 ice dragon scales You butcher the ice dragon corpse.
The ice dragon roars deafeningly!
You see here a chunk of flesh.
As you read the scroll of teleportation, it crumbles to dust.
You feel strangely unstable.
Your icy armour evaporates.
The ice dragon breathes frost at you. The blast of cold hits you!
Ouch! That really hurt!
You die...

▒▒····▒▒▒
▒▒·▒▒▒▒▒▒····▒····
▒▒▒··▒▒ ▒▒▒
▒▒▒▒▒▒▒▒·· ▒▒··▒▒▒
▒▒▒ ▒▒···▒▒▒▒▒▒
▒▒▒······▒▒
▒▒▒▒····▒▒
▒▒▒▒··▒▒▒▒▒▒
▒▒··▒·▒·▒▒
▒▒@▒%···▒ ▒··D▒▒·▒
▒▒▒▒▒··▒▒▒ ·
▒···▒▒·▒▒ ···
▒▒······▒·····
▒▒▒▒···D··▒
▒▒▒▒▒▒▒▒


You could see an ice dragon.

Vanquished Creatures
  3 hydras
  An ice dragon (IceCv)
  The ghost of Demitroll the Grappler, a journeyman DrMo of Cheibriados (D:11)
  2 two-headed ogres
  Pikel (D:6)
  An orc knight (Bailey)
  An ugly thing (D:11)
  A cyclops (D:11)
  An oklob plant (Lair:1)
  2 orc sorcerers (Bailey)
  5 elephants (Lair:2)
  A black mamba (Lair:2)
  2 ice statues (IceCv)
  6 spiny frogs
  3 komodo dragons
  2 rime drakes (IceCv)
  The ghost of Azzok the Digger, a novice GrEE (D:4)
  A queen bee (Lair:3)
  2 trolls
  3 slime creatures (D:10)
  4 blink frogs
  A snapping turtle (Lair:3)
  3 hippogriffs
  A redback (Lair:3)
  17 yaks
  2 basilisks
  A hungry ghost (D:9)
  11 water moccasins
  11 porcupines
  11 orc warriors
  A hornet zombie (D:9)
  16 ice beasts
  A sky beast (D:6)
  4 phantoms
  12 ogres
  7 centaurs
  3 wolves (Lair:2)
  13 crocodiles
  11 bullfrogs
  2 gnoll sergeants (D:7)
  A water moccasin skeleton (D:6)
  15 scorpions
  37 killer bees
  3 howler monkeys (D:9)
  4 electric eels
  6 crimson imps
  2 bullfrog zombies
  A jelly (D:6)
  3 centaur zombies
  3 human zombies (Ossuary)
  11 orc priests
  5 iguanas
  A bullfrog skeleton (D:8)
  13 orc wizards
  3 worker ants
  3 big kobold zombies (Ossuary)
  2 hound skeletons
  2 mummies (Ossuary)
  2 worker ant zombies
  9 adders
  20 gnolls
  4 scorpion zombies (Ossuary)
  2 shadow imps
  An ooze (D:4)
  An adder zombie (D:5)
  3 adder skeletons
  2 worms
  2 dart slugs
  7 leopard geckos
  39 orcs
  5 bats
  5 giant cockroaches
  A gnoll zombie (Ossuary)
  12 goblins
  12 hobgoblins
  5 jackals
  4 quokkas
  3 frilled lizards (D:2)
  A goblin zombie (Ossuary)
  A hobgoblin zombie (Ossuary)
  11 kobolds
  2 kobold zombies (Ossuary)
  An orc zombie (Ossuary)
  2 quokka skeletons
  A quokka zombie (D:5)
  9 rats
  3 plants
457 creatures vanquished.

Vanquished Creatures (others)
  A slave (D:6)
  A mummy (Ossuary)
  A gnoll (Bailey)
  An adder (D:5)
  A quokka (D:5)
  A hobgoblin zombie (Ossuary)
  A jackal skeleton (D:5)
  A leopard gecko zombie (D:5)
  3 plants (Lair:3)
11 creatures vanquished.

Grand Total: 468 creatures vanquished

Notes
Turn   | Place    | Note
-------+----------+-------------------------------------------
     0 | D:1      | Azzok the Gargoyle Earth Elementalist began the quest for the Orb.
     0 | D:1      | Reached XP level 1. HP: 10/10 MP: 3/3
    51 | D:1      | Reached skill level 4 in Earth Magic
    51 | D:1      | Reached XP level 2. HP: 2/16 MP: 5/5
   464 | D:1      | Reached skill level 1 in Fighting
   878 | D:1      | Reached XP level 3. HP: 20/20 MP: 6/6
  1294 | D:2      | Reached skill level 5 in Earth Magic
  1305 | D:2      | Reached XP level 4. HP: 16/26 MP: 7/7
  1480 | D:2      | Found a hazy altar of Hepliaklqana.
  2432 | D:3      | Learned a level 3 spell: Stone Arrow
  2460 | D:3      | Found a bloodstained altar of Trog.
  2494 | D:3      | Reached XP level 5. HP: 31/31 MP: 8/8
  2499 | D:3      | Reached skill level 6 in Earth Magic
  3148 | D:4      | Found a staircase to the Ecumenical Temple.
  3163 | Temple   | Entered the Ecumenical Temple
  3192 | Temple   | Became a worshipper of Vehumet
  3296 | D:4      | Noticed an ogre
  3324 | D:4      | Reached XP level 6. HP: 17/37 MP: 6/9
  3328 | D:4      | Reached skill level 7 in Earth Magic
  3389 | D:4      | Noticed Azzok's ghost (novice GrEE)
  3609 | D:4      | You fall through a shaft for 2 floors!
  3684 | D:5      | Entered Level 5 of the Dungeon
  3684 | D:5      | Found a burning altar of Makhleb.
  3684 | D:5      | Noticed a slave
  3684 | D:5      | Noticed Pikel
  3684 | D:5      | Noticed a slave
  3684 | D:5      | Noticed a slave
  3697 | D:6      | Killed Pikel
  3697 | D:6      | Reached skill level 5 in Fighting
  3697 | D:6      | Reached skill level 9 in Earth Magic
  3697 | D:6      | Reached XP level 7. HP: 12/44 MP: 8/10
  3939 | D:6      | Reached XP level 8. HP: 48/50 MP: 4/11
  4432 | D:4      | Killed Azzok's ghost
  4432 | D:4      | Reached skill level 10 in Earth Magic
  4726 | D:5      | Learned a level 5 spell: Lee's Rapid Deconstruction
  4933 | D:5      | Found a white marble altar of Elyvilon.
  5426 | D:6      | Found Gavuk's Magic Scroll Shoppe.
  5511 | D:6      | Learned a level 2 spell: Blink
  5594 | D:6      | Found Gagogewn's Magic Scroll Shop.
  5677 | D:6      | Reached skill level 1 in Conjurations
  5887 | D:6      | Reached XP level 9. HP: 56/56 MP: 12/12
  5918 | D:6      | Reached * piety under Vehumet
  5918 | D:6      | Offered knowledge of Sting by Vehumet.
  5918 | D:6      | Reached skill level 11 in Earth Magic
  6429 | D:7      | Offered knowledge of Searing Ray by Vehumet.
  6581 | D:7      | Reached ** piety under Vehumet
  6813 | D:7      | Found a sand-covered staircase.
  6822 | Ossuary  | Entered an ossuary
  7428 | Ossuary  | Offered knowledge of Throw Flame by Vehumet.
  7565 | Ossuary  | Reached XP level 10. HP: 49/64 MP: 16/16
  7790 | D:7      | Reached *** piety under Vehumet
  7796 | D:7      | Reached skill level 5 in Conjurations
  7796 | D:7      | Reached skill level 12 in Earth Magic
  8060 | D:7      | Found a runed door.
  8083 | D:7      | Found a runed door.
  8322 | D:7      | Found an iron altar of Okawaru.
  8322 | D:7      | Found a blossoming altar of Fedhas.
  8332 | D:7      | Offered knowledge of Fulminant Prism by Vehumet.
  8566 | D:8      | Reached skill level 5 in Spellcasting
  9227 | D:8      | Noticed a two-headed ogre
  9234 | D:8      | Killed a two-headed ogre
  9805 | D:9      | Found a sacrificial altar of Ru.
  9854 | D:9      | Found a flagged portal.
  9911 | Bailey   | Entered a bailey
  9925 | Bailey   | Noticed an orc knight
  9941 | Bailey   | Killed an orc knight
  9941 | Bailey   | Reached XP level 11. HP: 29/71 MP: 11/20
 10154 | Bailey   | Found an iron altar of Okawaru.
 10154 | Bailey   | Noticed an orc sorcerer
 10154 | Bailey   | Noticed an orc sorcerer
 10172 | Bailey   | Killed an orc sorcerer
 10346 | Bailey   | Reached **** piety under Vehumet
 10389 | Bailey   | Killed an orc sorcerer
 10389 | Bailey   | Reached skill level 13 in Earth Magic
 10468 | Bailey   | Got a heavily jewelled robe
 10506 | Bailey   | Identified the +2 robe of the Planets {rF+} (You took it off a gnoll in a bailey)
 10517 | Bailey   | Offered knowledge of Irradiate by Vehumet.
 11286 | D:9      | Reached skill level 10 in Fighting
 11544 | D:9      | Reached skill level 1 in Armour
 12167 | D:10     | Entered Level 10 of the Dungeon
 12199 | D:10     | Reached ***** piety under Vehumet
 12231 | D:9      | Offered knowledge of Bolt of Cold by Vehumet.
 12727 | D:10     | Found a staircase to the Lair.
 13298 | D:10     | Noticed a two-headed ogre
 13304 | D:10     | Killed a two-headed ogre
 13433 | D:11     | Noticed a cyclops
 13441 | D:11     | Killed a cyclops
 13441 | D:11     | Reached XP level 12. HP: 59/79 MP: 10/22
 13700 | D:11     | Noticed Demitroll's ghost (journeyman DrMo)
 13767 | D:11     | Killed Demitroll's ghost
 13987 | D:11     | Reached skill level 14 in Earth Magic
 14044 | D:11     | Found a staircase to the Orcish Mines.
 14052 | D:11     | Found Jueruc's Weapon Shoppe.
 14101 | D:11     | Bought the +2 dire flail "Demonbane" {crush, Int+7} for 565 gold pieces
 14234 | Lair:1   | Entered Level 1 of the Lair of Beasts
 14336 | Lair:1   | Noticed a four-headed hydra
 14345 | Lair:1   | Reached skill level 5 in Armour
 14347 | Lair:1   | Killed a four-headed hydra
 15187 | Lair:2   | Found a deep blue altar of Sif Muna.
 15335 | Lair:2   | Noticed a seven-headed hydra
 15339 | Lair:2   | Killed a seven-headed hydra
 15491 | Lair:2   | Learned a level 3 spell: Ozocubu's Armour
 15657 | Lair:2   | Reached skill level 10 in Conjurations
 15757 | Lair:2   | Reached skill level 1 in Ice Magic
 16562 | Lair:3   | Found a staircase to the Shoals.
 16794 | Lair:3   | Reached XP level 13. HP: 85/85 MP: 19/23
 17095 | Lair:3   | Found a hole to the Spider Nest.
 17475 | Lair:3   | Offered knowledge of Bolt of Draining by Vehumet.
 17576 | Lair:3   | Reached skill level 15 in Earth Magic
 19354 | Lair:5   | Found a frozen archway.
 19362 | IceCv    | Entered an ice cave
 19876 | IceCv    | Noticed an ice dragon
 19881 | IceCv    | Noticed an ice dragon
 19918 | IceCv    | Killed an ice dragon
 19926 | IceCv    | Killed from afar by an ice dragon

Vault maps used:
D:1:      dpeg_arrival_brainrot, minmay_quantized
D:2:      nicolae_overflow_hidden_temple
D:3:      lightli_temple_of_fire
D:4:      minmay_temple_entry_statues_fountains, first_ration,
          kennysheep_decorative_pillar
D:5:      kennysheep_mini, lemuel_crystal_altar, uniq_pikel
D:6:      serial_shops, shop_scrolls, shop, minmay_unpleasant_kobolds
D:7:      lemuel_insect_pit, amethyst_overflow_temple_binary,
          lightli_ossuary_entry_decrepit_ruins
D:8:      grunt_pizzeria
D:9:      kennysheep_spiral_hall, enter_bailey_2,
          nicolae_ru_sacrificial_ziggurat
D:10:     lair_entry_dummy
D:11:     orc_0_dummy, serial_shops, shop_fountains, nicolae_twisting_strands
Temple:   nicolae_temple_elliptical
Lair:1:   minivault_26, infiniplex_staircase_pool_2, minmay_lair_oklob_chamber,
          grunt_megastairs_1
Lair:2:   basic_altar
Lair:3:   minmay_shoals_entry_hut, spider_nest_entry_rubble, serial_forest,
          infiniplex_forest_end_2, infiniplex_forest_clump_large,
          infiniplex_forest_straight_2, infiniplex_forest_clump_C,
          infiniplex_forest_clump_long, infiniplex_forest_side_room,
          infiniplex_forest_lined_room_, special_room
Lair:4:   grunt_megastairs_2
Lair:5:   slime_dummy, portal_ice_cave_entry_pillars_1, serial_bayou_shore_a
Ossuary:  ossuary_minmay_scorpions
Bailey:   bailey_axe_of_yendor_kennysheep, bailey
IceCv:    ice_cave_small_dragons

Skill      XL: |  1  2  3  4  5  6  7  8  9 10 11 12 13 |
---------------+----------------------------------------+-----
Earth Magic    | 4 5 6 9 10 11 12 13 14 15 | 15.5
Fighting       | 1 2 3 5 6 8 9 10 11 12 | 12.7
Conjurations   | 1 4 6 8 10 | 10.0
Spellcasting   | 4 6 |  6.7
Armour         | 3 6 8 |  8.4
Ice Magic      | 1 4 |  4.7
Dodging        | |  1.5
Stealth        | |  2.1
Transmutations | |  0.7

Action                   |  1- 3 |  4- 6 |  7- 9 | 10-12 | 13-15 || total
-------------------------+-------+-------+-------+-------+-------++-------
Melee: Hand axe          |    15 |       |       |       |       ||    15
       Short sword       |    96 |    44 |       |       |       ||   140
       Morningstar       |       |    43 |   276 |    91 |       ||   410
       Rapier            |       |       |       |   116 |       ||   116
       Dire flail        |       |       |       |    14 |    38 ||    52
 Cast: Sandblast         |     4 |    13 |    41 |    69 |     6 ||   133
       Stone Arrow       |       |       |    12 |   297 |   161 ||   470
       Lee's Rapid Decon |       |       |       |    11 |    13 ||    24
       Ozocubu's Armour  |       |       |       |       |     8 ||     8
  Use: Scroll            |     3 |     4 |     6 |     4 |     8 ||    25
 Stab: Sleeping          |       |     5 |       |     3 |       ||     8
       Distracted        |       |       |       |     1 |       ||     1
  Eat: Chunk             |     1 |     8 |     9 |    35 |     5 ||    58
       Ration            |       |       |     2 |       |     2 ||     4
Armor: Robe              |    57 |    30 |   128 |   124 |    66 ||   405
Dodge: Dodged            |    96 |    72 |   230 |   212 |    96 ||   706

Table legend:
 A = Spawn XP
 B = Non-spawn XP
 C = Spawn XP percentage of total XP
 D = Spawn monster count
 E = Non-spawn monster count
 F = Spawn count percentage of total count
 G = Total turns spent on level
                    A         B        C        D         E        F      G
               +---------+---------+-------+---------+---------+-------+---------
         Total |       0 |   46583 |   0.0 |       0 |     454 |   0.0 | 19926
               +---------+---------+-------+---------+---------+-------+---------
           D:1 |       0 |      39 |   0.0 |       0 |      20 |   0.0 |  1206
           D:2 |       0 |      92 |   0.0 |       0 |      26 |   0.0 |   779
           D:3 |       0 |      56 |   0.0 |       0 |       8 |   0.0 |   780
           D:4 |       0 |     689 |   0.0 |       0 |      18 |   0.0 |  1350
           D:5 |       0 |     186 |   0.0 |       0 |       6 |   0.0 |  1040
           D:6 |       0 |    1620 |   0.0 |       0 |      34 |   0.0 |   993
           D:7 |       0 |    2090 |   0.0 |       0 |      52 |   0.0 |  1516
           D:8 |       0 |    2268 |   0.0 |       0 |      17 |   0.0 |  1068
           D:9 |       0 |    2804 |   0.0 |       0 |      29 |   0.0 |  1413
          D:10 |       0 |    3529 |   0.0 |       0 |      30 |   0.0 |   999
          D:11 |       0 |    3692 |   0.0 |       0 |      19 |   0.0 |   817
        Lair:1 |       0 |    4048 |   0.0 |       0 |      16 |   0.0 |   939
        Lair:2 |       0 |    5737 |   0.0 |       0 |      18 |   0.0 |  1273
        Lair:3 |       0 |    4931 |   0.0 |       0 |      42 |   0.0 |  1641
        Lair:4 |       0 |    5603 |   0.0 |       0 |      24 |   0.0 |  1233
        Lair:5 |       0 |     411 |   0.0 |       0 |       1 |   0.0 |    42
       Ossuary |       0 |    1339 |   0.0 |       0 |      34 |   0.0 |   933
        Bailey |       0 |    3025 |   0.0 |       0 |      41 |   0.0 |  1299
         IceCv |       0 |    4424 |   0.0 |       0 |      19 |   0.0 |   564
               +---------+---------+-------+---------+---------+-------+---------
